Map: Frozen Temple

Players

ShoWTimE - Winner!

  • Race: Protoss Protoss

iAsonu

  • Race: Zerg Zerg

Event: IEM Season 11 - Shanghai

VOD

Have the link to the VOD?

Description

Time

  • Played on: July 27, 2016, 7:09 a.m.
  • Length: 11:45

All games in this series

Show
View Real Time Build Order
Export as new Build Order

ShoWTimE Protoss - Winner!

Build Orders: Zealot Archon 

Get SALT Encoding   

  12  0:00  Probe (Chrono Boost)  
  13  0:11  Probe (Chrono Boost)  
  14  0:17  Pylon  
  14  0:22  Probe (Chrono Boost)  
  15  0:36  Probe (Chrono Boost)  
  15  0:38  Gateway  
  16  0:45  Assimilator  
  16  0:47  Probe (Chrono Boost)  
  17  0:58  Probe (Chrono Boost)  
  18  1:08  Probe (Chrono Boost)  
  19  1:18  Pylon  
  19  1:19  Probe (Chrono Boost)  
  19  1:21  Zealot  
  22  1:26  Cybernetics Core  
  22  1:31  Probe (Chrono Boost)  
  23  1:46  Probe (Chrono Boost), Zealot  
  26  2:01  Pylon  
  27  2:03  Mothership Core (Chrono Boost)  
  28  2:12  Adept  
  30  2:19  Warp Gate  
  30  2:22  Probe (Chrono Boost)  
  31  2:32  Nexus  
  31  2:35  Probe (Chrono Boost)  
  31  2:36  Adept  
  34  2:48  Probe (Chrono Boost), Assimilator  
  35  2:52  Pylon  
  35  2:59  Probe (Chrono Boost)  
  36  3:10  Probe (Chrono Boost)  
  37  3:20  Probe (Chrono Boost)  
  37  3:24  Stargate  
  37  3:26  Gateway  
  38  3:31  Probe (Chrono Boost)  
  39  3:37  Gateway  
  40  3:41  Probe (Chrono Boost)  
  40  3:45  Probe (Chrono Boost)  
  41  3:52  Probe (Chrono Boost)  
  42  3:56  Probe (Chrono Boost)  
  42  4:02  Oracle  
  44  4:03  Probe (Chrono Boost)  
  44  4:06  Probe (Chrono Boost)  
  48  4:15  Probe (Chrono Boost)  
  50  4:17  Probe (Chrono Boost)  
  50  4:27  Probe x2 (Chrono Boost)  
  50  4:29  Nexus  
  52  4:35  Pylon  
  52  4:36  Oracle  
  52  4:38  Probe (Chrono Boost)  
  50  4:39  Probe (Chrono Boost)  
  53  4:45  Assimilator  
  53  4:47  Assimilator  
  53  4:48  Probe (Chrono Boost)  
  53  4:51  Pylon  
  54  4:53  Sentry x2  
  54  4:59  Probe (Chrono Boost)  
  60  5:00  Probe (Chrono Boost)  
  60  5:02  Pylon  
  60  5:10  Probe (Chrono Boost)  
  60  5:12  Probe (Chrono Boost), Forge  
  62  5:20  Probe (Chrono Boost)  
  63  5:22  Robotics Facility  
  63  5:25  Probe (Chrono Boost)  
  64  5:31  Probe (Chrono Boost)  
  64  5:32  Twilight Council  
  66  5:36  Protoss Ground Weapons Level 1  
  66  5:37  Probe (Chrono Boost)  
  66  5:41  Probe x2 (Chrono Boost)  
  68  5:46  Zealot  
  68  5:47  Zealot  
  68  5:48  Robotics Facility  
  68  5:49  Probe (Chrono Boost)  
  73  5:52  Probe x2 (Chrono Boost)  
  73  5:55  Charge  
  75  6:01  Probe (Chrono Boost)  
  75  6:02  Probe (Chrono Boost)  
  75  6:03  Probe (Chrono Boost)  
  78  6:06  Assimilator  
  78  6:08  Assimilator  
  78  6:11  Observer  
  79  6:13  Probe x2 (Chrono Boost)  
  79  6:16  Probe (Chrono Boost)  
  82  6:23  Pylon, Gateway  
  82  6:25  Probe (Chrono Boost)  
  83  6:26  Probe (Chrono Boost)  
  83  6:28  Gateway  
  83  6:30  Gateway  
  84  6:35  Probe (Chrono Boost), Templar Archives  
  84  6:37  Immortal  
  89  6:47  Immortal  
  95  6:55  Probe x2 (Chrono Boost)  
  95  6:56  Photon Cannon  
  95  6:57  Photon Cannon, Pylon  
  95  7:05  Gateway  
  95  7:10  Gateway  
  95  7:14  Immortal  
  95  7:15  Zealot, High Templar x2  
  99  7:19  Protoss Ground Weapons Level 2  
  99  7:20  Archon  
  99  7:21  Pylon  
  105  7:25  Pylon  
  105  7:26  Pylon  
  105  7:31  Immortal  
  109  7:41  Nexus  
  109  7:46  High Templar, Pylon  
  109  7:47  High Templar  
  109  7:50  Immortal  
  109  7:51  Archon  
  113  7:53  Zealot x2  
  121  8:00  Zealot  
  121  8:05  High Templar  
  125  8:10  High Templar  
  125  8:11  Zealot  
  129  8:15  Archon, Photon Cannon  
  129  8:16  Pylon  
  129  8:19  Immortal  
  133  8:24  Pylon  
  133  8:35  High Templar  
  133  8:36  Zealot x2, High Templar  
  133  8:39  Immortal  
  133  8:40  Archon, Pylon  
  141  8:42  Zealot x3  
  151  8:52  Zealot  
  151  8:57  Probe x2 (Chrono Boost)  
  151  8:59  High Templar x2, Immortal  
  159  9:03  Archon  
  159  9:09  Zealot x3  
  165  9:10  Zealot x2  
  165  9:15  Immortal  
  143  9:30  High Templar  
  143  9:31  Zealot x5, High Templar  
  145  9:32  Zealot  
  145  9:35  Archon  
  145  9:37  Warp Prism  
  157  9:42  Dark Shrine  
  157  9:54  Zealot x2, Immortal  
  157  9:55  Zealot x3  
  157  9:57  Zealot  
  173  10:08  Photon Cannon  
  173  10:14  Immortal  
  177  10:21  High Templar x2  
  177  10:22  Zealot x3  
  177  10:24  Pylon  
  177  10:27  Archon  
  187  10:30  Pylon  
  187  10:33  Pylon  
  187  10:37  Photon Cannon  
  187  10:39  Pylon  
  187  10:42  Pylon  
  187  10:44  Immortal  
  187  10:45  Pylon  
  181  11:07  Zealot  
  181  11:08  Zealot x6  
  181  11:09  Zealot  
  175  11:23  Mothership Core (Chrono Boost)  
  151  11:29  High Templar x2  
  151  11:30  Zealot x4, High Templar x2  
  173  11:34  Archon x2  
Show
View Real Time Build Order
Export as new Build Order

iAsonu Zerg 

Build Orders: Pool First, Lurkers 

Get SALT Encoding   

  12  0:18  Spawning Pool  
  11  0:23  Drone  
  11  0:27  Drone  
  13  0:31  Drone  
  14  0:39  Overlord  
  14  1:05  Zergling x4  
  14  1:06  Zergling x2  
  17  1:18  Hatchery  
  16  1:20  Zergling x2  
  17  1:27  Zergling x2  
  18  1:38  Zergling x2  
  19  1:47  Queen  
  19  1:52  Overlord  
  21  2:04  Drone  
  22  2:16  Drone  
  23  2:29  Drone  
  23  2:35  Queen  
  23  2:36  Hatchery  
  24  2:39  Drone  
  25  2:45  Drone  
  25  2:46  Drone  
  27  2:54  Overlord  
  27  2:57  Drone  
  28  3:02  Zergling x2  
  28  3:04  Drone  
  30  3:07  Drone  
  30  3:11  Drone  
  32  3:23  Drone  
  32  3:26  Zergling x6  
  36  3:29  Queen  
  36  3:32  Drone  
  39  3:41  Drone  
  39  3:43  Queen  
  39  3:47  Drone  
  39  3:48  Extractor x2  
  42  3:52  Drone  
  42  3:53  Drone  
  42  3:54  Drone  
  44  3:55  Drone  
  44  3:59  Drone  
  44  4:01  Drone  
  47  4:04  Drone  
  47  4:06  Drone  
  47  4:09  Overlord  
  49  4:14  Overlord  
  48  4:31  Drone  
  48  4:32  Drone x4  
  48  4:36  Drone  
  48  4:37  Drone x5  
  58  4:40  Spore Crawler  
  57  4:46  Drone  
  57  4:49  Metabolic Boost  
  57  4:50  Drone  
  59  4:53  Drone  
  59  4:54  Spore Crawler  
  59  4:58  Drone  
  60  5:01  Drone  
  60  5:02  Drone x2  
  60  5:04  Drone x2  
  60  5:06  Drone  
  66  5:08  Spore Crawler  
  66  5:10  Overlord  
  65  5:14  Lair  
  66  5:21  Drone  
  66  5:22  Overlord  
  66  5:25  Overlord  
  66  5:28  Evolution Chamber  
  65  5:29  Drone  
  65  5:30  Roach Warren  
  65  5:31  Drone  
  65  5:32  Drone  
  65  5:34  Drone x2  
  65  5:35  Drone  
  70  5:36  Drone  
  70  5:38  Drone  
  70  5:40  Drone x2  
  74  5:43  Drone x2  
  74  5:44  Drone  
  74  5:46  Overlord  
  74  5:48  Drone  
  78  5:50  Drone  
  78  5:53  Extractor x2  
  78  5:56  Overlord  
  77  5:58  Drone x4  
  77  6:03  Drone x2  
  83  6:06  Zerg Missile Weapons Level 1, Drone x3  
  86  6:14  Glial Reconstitution  
  86  6:17  Extractor  
  86  6:18  Extractor, Drone x2  
  85  6:19  Overseer, Hydralisk Den  
  85  6:25  Roach x5  
  95  6:29  Hatchery  
  94  6:35  Overlord  
  94  6:48  Overlord  
  94  6:54  Lurker Den, Overlord  
  94  6:57  Hydralisk x4  
  94  6:59  Evolution Chamber  
  101  7:06  Overlord  
  101  7:07  Hydralisk x3  
  107  7:15  Hydralisk x3  
  107  7:18  Overlord  
  113  7:24  Overlord  
  113  7:36  Zerg Melee Weapons Level 1, Extractor, Hydralisk  
  113  7:37  Extractor, Hydralisk x2  
  112  7:42  Overlord  
  117  7:44  Drone, Roach  
  117  7:45  Roach x4  
  117  7:50  Overlord  
  127  7:52  Drone x3  
  130  8:00  Overseer  
  130  8:01  Overlord  
  130  8:03  Roach x6  
  142  8:06  Zerg Missile Weapons Level 2  
  142  8:10  Roach x4  
  142  8:12  Overlord  
  150  8:20  Overlord  
  150  8:23  Hydralisk x4  
  150  8:25  Drone x3  
  161  8:35  Zergling x12  
  161  8:38  Muscular Augments  
  161  8:39  Overlord  
  166  8:57  Drone  
  166  9:00  Spore Crawler  
  166  9:02  Spore Crawler  
  166  9:04  Roach x6  
  166  9:05  Zergling x4  
  166  9:06  Zergling x12  
  166  9:07  Lurker x5  
  190  9:10  Roach  
  190  9:11  Roach x2  
  185  9:21  Roach x7  
  181  9:24  Hydralisk  
  181  9:25  Hydralisk x2  
  167  9:32  Hydralisk x3  
  167  9:36  Queen x2  
  177  9:42  Queen  
  179  9:53  Lurker  
  179  9:54  Lurker x3  
  183  10:02  Lurker x2  
  183  10:03  Queen  
  187  10:07  Zergling x4  
  187  10:08  Zergling x4  
  187  10:12  Queen x2  
  195  10:18  Hatchery  
  195  10:20  Lurker  
  195  10:21  Lurker x3  
  192  10:44  Hydralisk x3  
  192  10:45  Hydralisk  
  192  10:47  Queen  
  183  11:11  Roach x11  
  160  11:19  Hydralisk x13  
  160  11:20  Hydralisk  
  160  11:24  Zergling x6  

Tags
 
Add a new tag
Caveats
  • Supply blocks, unpowered buildings, or Contaminate may cause inaccurate times.
  • Supply counts are checked every 10 seconds.